 Dungeon Crawl Stone Soup version 0.23.0-3-gf3c87f2df8 (webtiles) character file.

Game seed: 1295308309349426354

95146 Kisielow the Severer (level 16, -2/160 HPs)
             Began as a Hill Orc Fighter on Feb 21, 2019.
             Was the Champion of Beogh.
             Slain by a thorn hunter (6 damage)
             ... on level 3 of the Swamp.
             The game lasted 00:57:11 (23247 turns).

Kisielow the Severer (Hill Orc Fighter)            Turns: 23247, Time: 00:57:11

Health: -2/160     AC: 26    Str: 30    XL:     16   Next: 13%
Magic:  23/23      EV:  8    Int:  8    God:    Beogh [******]
Gold:   2171       SH:  0    Dex: 15    Spells: 15/15 levels left

rFire    x . .     SeeInvis .   c - +8 mithril axe "Arga" {speed, MR+}
rCold    . . .     Gourm    .   N - +3 large shield {AC+3}
rNeg     . . .     Faith    .   b - +6 scale mail "Gomiull" {-Tele rF- MR+++ Slay+5}
rPois    .         Spirit   .   (no helmet)
rElec    .         Reflect  .   E - +2 cloak {MR+}
rCorr    .         Harm     .   g - +0 pair of gloves {Dex+3}
MR       +++++     NoTele   +   Q - +1 pair of boots {Stlth+}
Stlth    ..........             (no amulet)
HPRegen  0.36/turn              j - +4 ring of slaying
MPRegen  0.18/turn              F - +4 ring of strength

@: confused, studying Evocations
A: walk on water, agile 1, robust 1
a: Smiting, Recall Orcish Followers, Give Item to Named Follower, Resurrection,
Renounce Religion


You were on level 3 of the Swamp.
You worshipped Beogh.
Beogh was exalted by your worship.
You were hungry.

You visited 4 branches of the dungeon, and saw 23 of its levels.
You also visited: Ossuary, Bailey and Volcano.

You collected 2533 gold pieces.
You spent 362 gold pieces at shops.

Inventory:

Hand Weapons
 c - the +8 mithril axe "Arga" (weapon) {speed, MR+}
   (You acquired it on level 1 of the Lair of Beasts)

   Attacks with this weapon are significantly faster.
   It affects your resistance to hostile enchantments.
 h - a +3 broad axe of flaming
Armour
 b - the +6 scale mail "Gomiull" (worn) {-Tele rF- MR+++ Slay+5}
   (You found it in a bailey)

   It affects your accuracy and damage with ranged weapons and melee attacks
   (+5).
   It makes you vulnerable to fire.
   It affects your resistance to hostile enchantments.
   It prevents most forms of teleportation.
 g - a +0 pair of gloves of dexterity (worn)
 E - a +2 cloak of magic resistance (worn)
 N - a +3 large shield of protection (worn)
 O - a +0 cloak of poison resistance
 Q - a +1 pair of boots of stealth (worn)
Jewellery
 j - a +4 ring of slaying (left hand)
 o - an uncursed ring of poison resistance
 F - a +4 ring of strength (right hand)
 M - an uncursed amulet of rage
 R - an uncursed ring of protection from magic
 T - an uncursed amulet of harm {unknown}
 X - an uncursed ring of flight
Wands
 k - a wand of digging (8)
 l - a wand of polymorph (5)
 m - a wand of flame (19)
 x - a wand of disintegration (28)
 G - a wand of clouds (5)
 J - a wand of iceblast (7)
 K - a wand of paralysis (24)
 L - a wand of random effects (47)
 P - a wand of scattershot (5)
 S - a wand of acid (19)
Scrolls
 n - 8 scrolls of teleportation
 t - 11 scrolls of identify
 v - 4 scrolls of fog
 y - 2 scrolls of amnesia
 A - 4 scrolls of remove curse
 D - a scroll of magic mapping
 H - 4 scrolls of fear
 U - 3 scrolls of enchant armour
Potions
 d - 9 potions of might
 e - 2 potions of magic
 i - 5 potions of haste
 p - 12 potions of curing
 r - 4 potions of flight
 s - 2 potions of invisibility
 u - 5 potions of agility
 w - 2 potions of ambrosia
 z - 6 potions of brilliance
 B - 3 potions of berserk rage
 C - 2 potions of resistance
 I - a potion of cancellation
Books
 a - a manual of Evocations
Comestibles
 f - 40 rations


   Skills:
 + Level 14.1 Fighting
 * Level 20.3 Axes
 + Level 13.1 Armour
 + Level 13.1 Shields
 - Level 10.0 Invocations
 - Level 7.2 Evocations


You had 15 spell levels left.
You didn't know any spells.
Your spell library contained the following spells:

 Spells                   Type           Power        Failure   Level  Hunger
 Apportation              Tloc           #.....       98%         1    ##.....
 Confusing Touch          Hex            #.....       98%         1    ##.....
 Corona                   Hex            #......      98%         1    ##.....
 Sandblast                Erth           #.....       98%         1    ##.....
 Summon Butterflies       Summ           #.......     98%         1    ##.....
 Poisonous Vapours        Pois/Air       #.....       99%         2    ###....
 Slow                     Hex            #.......     99%         2    ###....
 Confuse                  Hex            #.......     100%        3    ####...
 Conjure Flame            Conj/Fire      #.......     100%        3    ####...
 Gell's Gravitas          Tloc           #.........   100%        3    ####...
 Inner Flame              Hex/Fire       #.......     100%        3    ####...
 Lesser Beckoning         Tloc           #.........   100%        3    ####...
 Mephitic Cloud           Conj/Pois/Air  #.......     100%        3    ####...
 Portal Projectile        Hex/Tloc       #.....       100%        3    ####...
 Recall                   Summ/Tloc      N/A          100%        3    ####...
 Tukima's Dance           Hex            #.......     100%        3    ####...
 Cause Fear               Hex            #.........   100%        4    #####..
 Leda's Liquefaction      Hex/Erth       #.........   100%        4    #####..
 Petrify                  Tmut/Erth      #.......     100%        4    #####..
 Summon Ice Beast         Ice/Summ       #.......     100%        4    #####..
 Throw Icicle             Conj/Ice       #.......     100%        4    #####..
 Alistair's Intoxication  Tmut/Pois      #.......     100%        5    ######.
 Aura of Abjuration       Summ           #.........   100%        5    ######.
 Bolt of Magma            Conj/Fire/Erth #.........   100%        5    ######.
 Iskenderun's Battlesphe  Conj/Chrm      #.......     100%        5    ######.
 Metabolic Englaciation   Hex/Ice        #.........   100%        5    ######.
 Summon Demon             Summ           #.........   100%        5    ######.
 Summon Forest            Summ/Tloc      #.........   100%        5    ######.
 Summon Mana Viper        Hex/Summ       #.......     100%        5    ######.
 Venom Bolt               Conj/Pois      #.........   100%        5    ######.
 Yara's Violent Unravell  Hex/Tmut       #.........   100%        5    ######.
 Freezing Cloud           Conj/Ice/Air   #.........   100%        6    #######
 Invisibility             Hex            #.......     100%        6    #######
 Iron Shot                Conj/Erth      #.........   100%        6    #######
 Shadow Creatures         Summ           N/A          100%        6    #######
 Orb of Destruction       Conj           #.........   100%        7    #######
 Ring of Flames           Chrm/Fire      #.........   100%        7    #######
 Spellforged Servitor     Conj/Summ      #.........   100%        7    #######


Dungeon Overview and Level Annotations

Branches:
Dungeon (12/15)            Temple (0/1) D:5            Lair (6/6) D:11
  Swamp (3/4) Lair:3        Snake (0/4) Lair:2        Slime (0/5) Lair:6
    Orc (2/2) D:12            Elf (0/3) Orc:2

Altars:
Ashenzari
Dithmenos
Fedhas
Hepliaklqana
Makhleb
Okawaru
Ru
Sif Muna
Uskayaw
Wu Jian
Xom
The Shining One

Shops:
D:7 [(([   D:11 ?(*}   Orc:2 (=**%

Annotations:
D:5 exclusion: oklob plant


Innate Abilities, Weirdness & Mutations

You can walk on water.
You are agile. (Dex +2)
You are robust. (+10% HP)


Message History

You slice the swamp drake!!
You kill the swamp drake!
Beogh accepts your kill.
You are engulfed in noxious fumes.
You choke on the stench!
You are confused.
The thorn hunter hits you!
* * * LOW HITPOINT WARNING * * *
The thorn hunter hits you but does no damage.
You are engulfed in noxious fumes.
You choke on the stench!
You are more confused.
The thorn hunter hits you.
* * * LOW HITPOINT WARNING * * *
The thorn hunter completely misses you. The thorn hunter hits you!!
* * * LOW HITPOINT WARNING * * *
The thorn hunter hits you.
* * * LOW HITPOINT WARNING * * *
Unknown command.
You're too confused to move!
The thorn hunter hits you.
You die...

..≈♣♣♣♣♣PPP ♣♣≈..≈ ≈
≈≈...PPPPP♣ ..≈♣.≈≈
§
≈≈≈≈≈≈≈≈.≈♣♣≈...≈≈≈≈
≈
≈≈≈≈≈≈....♣♣≈..≈≈.≈≈
≈≈
≈≈..≈≈≈≈...≈≈≈≈≈...
. ≈..=.≈≈≈†....≈≈≈.♣
. ♣≈...≈)†)≈≈≈.≈♣♣.
♣♣♣ ≈.≈♣♣.Df).≈≈.≈♣
♣≈≈ ♣≈≈
≈♣.≈≈@≈≈§.≈♣♣ ♣..
♣.. ♣≈.≈≈≈≈≈§≈.♣
♣..♣♣.. ♣.≈≈...≈≈≈.♣
♣.≈≈≈. ♣.≈≈♣♣.≈≈≈≈♣♣
♣≈≈≈≈≈ ♣♣..
♣.≈≈≈≈.♣♣♣♣♣♣≈≈≈.
♣♣♣
♣.≈≈≈≈..≈.♣♣♣♣..§ ♣
♣≈≈≈≈≈.≈≈.≈≈ ♣♣≈♣
≈§♣♣♣.≈≈≈≈≈≈..≈≈
♣≈.♣ ≈≈..≈.......≈§.
♣♣..


You could see a thorn hunter and an eight-headed hydra.

Vanquished Creatures
  2 orc warlords
  A stone giant (Orc:1)
  A red draconian (Volcano)
  2 ogre magi (Orc:2)
  The ghost of Kisielow the Arsonist, a journeyman DEFE of Vehumet (Lair:4)
  Harold (D:9)
  A shambling mangrove (Swamp:2)
  9 hydras
  3 catoblepae
  5 alligators
  10 death yaks (Lair:6)
  9 two-headed ogres
  A salamander mystic (Volcano)
  2 skeletal warriors (D:12)
  2 unseen horrors
  A spriggan druid (Swamp:3)
  2 deep trolls (Orc:2)
  4 swamp dragons
  2 orc knights
  A cyclops (Orc:2)
  An oklob plant (Lair:3)
  2 manticores (Lair:6)
  11 slime creatures
  4 salamanders (Volcano)
  6 elephants
  2 black mambas
  Psyche (D:11)
  16 spiny frogs
  A gargoyle (D:11)
  3 molten gargoyles
  2 rime drakes (Lair:5)
  3 komodo dragons
  A queen bee (Lair:4)
  8 trolls
  A polar bear (Lair:4)
  A meliai (Lair:4)
  8 hornets
  3 bog bodies
  8 hippogriffs
  3 tyrant leeches (Swamp:2)
  Grinder (D:6)
  4 dream sheep (Lair:6)
  13 blink frogs
  A centaur simulacrum (D:11)
  4 spriggans
  A shadow (Swamp:2)
  47 yaks
  A fire elemental (Lair:2)
  2 fire bats (Volcano)
  A basilisk (Lair:6)
  12 vampire mosquitoes
  A hungry ghost (D:10)
  Edmund (D:6)
  9 swamp worms
  3 nagas (Lair:2)
  A soldier ant (D:12)
  7 insubstantial wisps
  5 water moccasins
  6 orc warriors
  5 porcupines
  4 swamp drakes
  3 ice beasts
  A black bear (Lair:5)
  23 ogres
  4 centaurs
  9 wolves
  8 crocodiles
  9 bullfrogs
  4 big kobolds
  A wyvern skeleton (D:9)
  3 water moccasin zombies (Ossuary)
  5 scorpions
  4 killer bees (Lair:4)
  13 wights
  5 lava snakes (Volcano)
  5 hounds
  5 crimson imps
  4 jellies
  3 bullfrog zombies
  6 orc wizards
  7 orc priests
  Crazy Yiuf (D:6)
  3 bullfrog skeletons
  2 centaur skeletons
  An iguana (D:7)
  8 hell rats
  6 worker ants
  2 killer bee zombies
  2 big kobold zombies (Ossuary)
  A hound zombie (D:9)
  A hound skeleton (D:4)
  2 mummies (Ossuary)
  A howler monkey zombie (D:11)
  2 howler monkey skeletons
  12 adders
  4 gnolls
  4 shadow imps
  2 oozes
  2 adder zombies (Ossuary)
  4 worms
  A dart slug (D:2)
  5 leopard geckos
  16 orcs
  5 bats
  5 giant cockroaches
  3 gnoll zombies (Ossuary)
  10 hobgoblins
  6 jackals
  20 kobolds
  4 quokkas
  3 ball pythons
  6 frilled lizards
  A giant cockroach zombie (D:5)
  10 goblins
  4 hobgoblin zombies (Ossuary)
  3 kobold zombies (Ossuary)
  A leopard gecko skeleton (D:8)
  8 orc zombies (Ossuary)
  A quokka zombie (D:7)
  13 rats
  A fungus (Lair:6)
  A plant (Lair:3)
583 creatures vanquished.

Vanquished Creatures (collateral kills)
  Nessos (Lair:6)
  2 catoblepae
  A shambling mangrove (Swamp:2)
  2 alligators (Swamp:1)
  3 two-headed ogres (Orc:2)
  2 death yaks (Lair:6)
  A skeletal warrior (D:12)
  An unseen horror (D:12)
  A cyclops (Orc:2)
  2 elephants
  A black mamba (Lair:1)
  A spiny frog (Lair:2)
  2 komodo dragons
  A rime drake (Lair:6)
  A tyrant leech (Swamp:2)
  A meliai (Lair:4)
  A troll (Orc:2)
  2 blink frogs
  A dream sheep (Lair:6)
  2 bog bodies
  A hippogriff (Lair:6)
  11 yaks
  3 wargs
  3 insubstantial wisps (Swamp:2)
  A naga (Lair:2)
  3 water moccasins
  6 orc warriors
  2 swamp drakes
  2 ogres (Orc:2)
  7 wolves
  A centaur (D:11)
  A crocodile (Lair:2)
  3 bullfrogs
  2 killer bees (Lair:4)
  2 orc priests
  An orc wizard (Orc:2)
  18 orcs
  2 kobolds
  3 fungi
  2 plants
103 creatures vanquished.

Vanquished Creatures (others)
  2 orc knights (Lair:4)
  14 orc warriors
  Maurice (D:11)
  A sky beast (D:7)
  5 orc priests
  7 orc wizards
  13 orcs
43 creatures vanquished.

Grand Total: 729 creatures vanquished

Notes
Turn   | Place    | Note
-------+----------+-------------------------------------------
     0 | D:1      | Kisielow the Hill Orc Fighter began the quest for the Orb.
     0 | D:1      | Reached XP level 1. HP: 19/19 MP: 1/1
    16 | D:1      | Reached skill level 3 in Axes
   315 | D:1      | Reached XP level 2. HP: 26/26 MP: 2/2
   433 | D:1      | Reached skill level 4 in Axes
   743 | D:2      | Reached XP level 3. HP: 21/31 MP: 3/3
   912 | D:2      | Reached skill level 5 in Axes
   939 | D:2      | Found a hazy altar of Hepliaklqana.
   942 | D:2      | Found a shattered altar of Ashenzari.
   945 | D:2      | Found a deep blue altar of Sif Muna.
  1205 | D:2      | Reached XP level 4. HP: 34/40 MP: 4/4
  1921 | D:3      | Reached XP level 5. HP: 27/46 MP: 5/5
  1950 | D:3      | Reached skill level 6 in Axes
  2271 | D:3      | Found an iron altar of Okawaru.
  2388 | D:3      | Found a sacrificial altar of Ru.
  2410 | D:3      | Found a faded altar of an unknown god.
  2796 | D:4      | Reached XP level 6. HP: 18/53 MP: 6/6
  3063 | D:4      | Became a worshipper of Beogh the Brigand
  3084 | D:4      | Gained mutation: You are agile. (Dex +2) [potion of
                  | mutation]
  3084 | D:4      | Gained mutation: You are robust. (+10% HP) [potion of
                  | mutation]
  3342 | D:4      | Reached skill level 7 in Axes
  3685 | D:4      | Reached XP level 7. HP: 54/66 MP: 7/7
  4076 | D:5      | Entered Level 5 of the Dungeon
  4206 | D:5      | Found a sand-covered staircase.
  4229 | D:5      | Reached * piety under Beogh
  4231 | Ossuary  | Entered an ossuary
  4259 | Ossuary  | Reached skill level 5 in Fighting
  4308 | Ossuary  | Reached skill level 8 in Axes
  4594 | D:5      | Reached ** piety under Beogh
  4595 | D:5      | Reached skill level 5 in Armour
  4595 | D:5      | Reached skill level 5 in Shields
  4597 | D:5      | Found a staircase to the Ecumenical Temple.
  4774 | D:5      | Reached XP level 8. HP: 69/75 MP: 8/8
  4901 | D:5      | Found a blossoming altar of Fedhas.
  4920 | D:5      | Noticed an oklob plant
  5074 | D:6      | Found a shadowy altar of Dithmenos.
  5130 | D:6      | Reached skill level 9 in Axes
  5299 | D:6      | Found a runed translucent door.
  5300 | D:6      | Noticed Crazy Yiuf
  5347 | D:6      | Noticed Edmund
  5367 | D:6      | Killed Edmund
  5658 | D:6      | Found a shadowy altar of Dithmenos.
  5706 | D:6      | Reached skill level 10 in Axes
  5970 | D:6      | Noticed Grinder
  5978 | D:6      | Killed Grinder
  5978 | D:6      | Reached XP level 9. HP: 59/85 MP: 9/9
  6268 | D:6      | Killed Crazy Yiuf
  6342 | D:7      | Found Feerus's Antique Weapon Boutique.
  6748 | D:7      | Reached skill level 11 in Axes
  6756 | D:7      | Reached *** piety under Beogh
  6765 | D:7      | Found a glowing golden altar of the Shining One.
  6775 | D:7      | Found Jahir's Antique Armour Boutique.
  6794 | D:7      | Found Vusoopne's Antique Weapon Boutique.
  6802 | D:7      | Bought a glowing broad axe for 182 gold pieces
  6950 | D:7      | Found Aplaji's Antique Armour Shop.
  7220 | D:7      | Reached skill level 1 in Invocations
  7220 | D:7      | Reached skill level 1 in Evocations
  7408 | D:8      | Got a fine ring mail
  7423 | D:8      | Identified the +6 ring mail of Yredelemnul's Approval
                  | {rN+++ rCorr Int-2 Stlth+} (You found it on level 8 of the
                  | Dungeon)
  7797 | D:8      | Found a flagged portal.
  7812 | Bailey   | Entered a bailey
  7863 | Bailey   | Found an iron altar of Okawaru.
  7863 | Bailey   | Noticed an orc knight
  7871 | Bailey   | Reached XP level 10. HP: 56/94 MP: 13/13
  7880 | Bailey   | Killed an orc knight
  7880 | Bailey   | Reached skill level 5 in Invocations
  7880 | Bailey   | Reached skill level 5 in Evocations
  7894 | Bailey   | Got an ancient scale mail
  7905 | Bailey   | Identified the +6 scale mail "Gomiull" {-Tele rF- MR+++
                  | Slay+5} (You found it in a bailey)
  8174 | D:8      | Found an ornate altar of the Wu Jian Council.
  8268 | D:8      | Found a sacrificial altar of Ru.
  8372 | D:9      | Reached **** piety under Beogh
  8552 | D:9      | Found a glowing golden altar of the Shining One.
  8609 | D:9      | Noticed a +0 dagger
  8610 | D:9      | Noticed a +0 hand axe
  8613 | D:9      | Found a hide-covered altar of Uskayaw.
  8703 | D:9      | Noticed a two-headed ogre
  8711 | D:9      | Killed a two-headed ogre
  8770 | D:9      | Noticed a two-headed ogre
  8776 | D:9      | Killed a two-headed ogre
  8798 | D:9      | Got a warped ring mail
  8809 | D:9      | Identified the cursed +1 ring mail of Ynuxkupp {rC+ MR+
                  | Str+3} (You found it on level 9 of the Dungeon)
  8862 | D:9      | Found a burning altar of Makhleb.
  8863 | D:9      | Found a shimmering altar of Xom.
  8908 | D:9      | Noticed Harold
  8912 | D:9      | Killed Harold
  8912 | D:9      | Reached XP level 11. HP: 90/101 MP: 7/17
  9138 | D:10     | Entered Level 10 of the Dungeon
 10063 | D:11     | Found Himm's Assorted Antiques.
 10068 | D:11     | Bought a glowing large shield for 180 gold pieces
 10113 | D:11     | Found Agumul Toul's Antique Weapon Shop.
 10150 | D:11     | Killed an unseen horror
 10150 | D:11     | Reached skill level 12 in Axes
 10153 | D:11     | Noticed Maurice
 10160 | D:11     | Killed Maurice
 10166 | D:11     | Gained Wargath as an ally
 10319 | D:11     | Got a crude hand axe
 10320 | D:11     | Identified the +8 hand axe of Cowardice {chop, rC+} (You
                  | found it on level 11 of the Dungeon)
 10600 | D:11     | Found Atolier's Gadget Shoppe.
 10702 | D:11     | Found a staircase to the Lair.
 10738 | D:11     | Noticed Psyche
 10742 | D:11     | Found an iron altar of Okawaru.
 10789 | D:11     | Killed Psyche
 11090 | D:11     | Found Keupisun's Magic Scroll Boutique.
 11488 | Lair:1   | Entered Level 1 of the Lair of Beasts
 11786 | Lair:1   | Reached skill level 10 in Invocations
 11822 | Lair:1   | Reached skill level 13 in Axes
 11823 | Lair:1   | Reached ***** piety under Beogh
 11840 | Lair:1   | Reached XP level 12. HP: 107/114 MP: 19/19
 11880 | Lair:1   | Identified a scroll of acquirement
 11881 | Lair:1   | Found the +8 mithril axe "Arga" {speed, MR+}
 12825 | Lair:2   | Found a staircase to the Snake Pit.
 12831 | Lair:2   | Reached skill level 14 in Axes
 13517 | Lair:3   | Noticed a six-headed hydra
 13526 | Lair:3   | Killed a ten-headed hydra
 13526 | Lair:3   | Reached skill level 10 in Fighting
 13614 | Lair:3   | Found a staircase to the Swamp.
 13614 | Lair:3   | Noticed a catoblepas
 13631 | Lair:3   | Killed a catoblepas
 13705 | Lair:3   | Found a dark tunnel.
 13710 | Volcano  | Entered a volcano
 14349 | Volcano  | Found a burning altar of Makhleb.
 14356 | Volcano  | Reached skill level 15 in Axes
 14375 | Volcano  | Noticed a red draconian
 14382 | Volcano  | Killed a red draconian
 14382 | Volcano  | Reached XP level 13. HP: 96/125 MP: 20/20
 15111 | Lair:3   | Reached skill level 10 in Shields
 15215 | Lair:4   | Reached skill level 10 in Armour
 15388 | Lair:4   | Noticed Kisielow's ghost (journeyman DEFE)
 15389 | Lair:4   | Found a transporter.
 15392 | Lair:4   | Found a transporter.
 15990 | Lair:4   | Reached skill level 16 in Axes
 16007 | Lair:4   | Killed Kisielow's ghost
 16031 | Lair:4   | Your ally Wargath died
 16251 | Lair:4   | Identified Owkasuer's Guide on the Mountains and the
                  | Frostbite
 16906 | Lair:6   | Entered Level 6 of the Lair of Beasts
 16926 | Lair:6   | Gained Morbeogh as an ally
 16935 | Lair:6   | Reached skill level 17 in Axes
 16936 | Lair:6   | Reached ****** piety under Beogh
 16936 | Lair:6   | Noticed Nessos
 16941 | Lair:6   | Reached XP level 14. HP: 93/137 MP: 21/21
 16953 | Lair:6   | Killed Nessos
 17628 | Lair:6   | Reached skill level 18 in Axes
 17878 | Lair:6   | Found a staircase to the Slime Pits.
 18450 | D:12     | Found a staircase to the Orcish Mines.
 18911 | D:12     | Reached XP level 15. HP: 147/147 MP: 22/22
 19567 | Orc:1    | Entered Level 1 of the Orcish Mines
 19626 | Orc:1    | Noticed an orc warlord
 19641 | Orc:1    | Killed an orc warlord
 19641 | Orc:1    | Gained Okrist as an ally
 20038 | Orc:2    | Entered Level 2 of the Orcish Mines
 20094 | Orc:2    | Found a staircase to the Elven Halls.
 20190 | Orc:2    | Found Zaeps's Weapon Emporium.
 20196 | Orc:2    | Reached skill level 19 in Axes
 20212 | Orc:2    | Gained Jorge as an ally
 20220 | Orc:2    | Found Imyforen's Jewellery Emporium.
 20222 | Orc:2    | Found Kengankynoc's General Store.
 20234 | Orc:2    | Found Ublelano's General Store.
 20833 | Orc:2    | Noticed an orc warlord
 20843 | Orc:2    | Killed an orc warlord
 21063 | Orc:2    | Found Geasell Icif's Food Boutique.
 21080 | Orc:2    | Gained Thorok as an ally
 21441 | Swamp:1  | Entered Level 1 of the Swamp
 22010 | Swamp:2  | Gained Zorug as an ally
 22026 | Swamp:2  | Your ally Zorug died
 22122 | Swamp:2  | Gained Hawl as an ally
 22443 | Swamp:2  | Reached skill level 20 in Axes
 23178 | Swamp:3  | Reached XP level 16. HP: 145/160 MP: 23/23
 23228 | Swamp:3  | Noticed a thorn hunter
 23246 | Swamp:3  | HP: 3/160 [thorn hunter (6)]
 23247 | Swamp:3  | Slain by a thorn hunter

Skill      XL: |  1  2  3  4  5  6  7  8  9 10 11 12 13 14 15 16 |
---------------+-------------------------------------------------+-----
Axes           | 3 4 5 6 7 8 10 11 13 15 17 18 20 | 20.3
Fighting       | 4 5 6 7 9 10 11 12 14 | 14.1
Armour         | 4 5 6 8 9 10 11 12 13 | 13.1
Shields        | 4 5 6 7 8 9 10 12 13 | 13.1
Invocations    | 4 9 10 | 10.0
Evocations     | 4 7 |  7.2

Action                   |  1- 3 |  4- 6 |  7- 9 | 10-12 | 13-15 | 16-18 || total
-------------------------+-------+-------+-------+-------+-------+-------++-------
Melee: War axe           |   113 |   249 |   238 |       |       |       ||   600
       Broad axe         |       |       |    58 |   307 |   625 |    23 ||  1013
       Hand axe          |       |       |       |     6 |       |       ||     6
Invok: Convert to Beogh  |       |     1 |       |       |       |       ||     1
       Smiting           |       |       |       |     3 |       |       ||     3
       Recall Orcish Fol |       |       |       |     5 |     7 |       ||    12
       Stop Recall       |       |       |       |     1 |     6 |       ||     7
       Give Item to Name |       |       |       |     1 |     1 |       ||     2
Evoke: Wand              |       |       |       |       |     2 |       ||     2
  Use: Scroll            |     6 |     3 |    12 |    13 |     4 |       ||    38
       Potion            |       |     4 |     1 |     2 |     4 |     3 ||    14
 Stab: Invisible         |       |       |     1 |       |       |       ||     1
       Sleeping          |       |       |     1 |       |       |       ||     1
       Distracted        |       |       |       |     1 |     2 |       ||     3
       Petrified         |       |       |       |     1 |       |       ||     1
  Eat: Chunk             |     1 |     8 |    11 |    17 |    24 |       ||    61
       Ration            |       |       |     1 |     1 |     1 |       ||     3
Armor: Scale mail        |    47 |   108 |     7 |   101 |   173 |    19 ||   455
       Chain mail        |       |       |   109 |       |       |       ||   109
       Skin              |       |       |     1 |       |       |       ||     1
       Ring mail         |       |       |     5 |     1 |       |       ||     6
Dodge: Dodged            |    39 |    71 |    49 |    44 |    52 |     8 ||   263
Block: Shield            |    51 |   140 |   137 |    44 |       |       ||   372
       Large shield      |       |       |       |   170 |   425 |    33 ||   628
